 Dungeon Crawl Stone Soup version 0.13.0-19-g8e0b589 (webtiles) character file.

28249 Malachi the Bludgeoner (level 13, 0/136 HPs)
             Began as an Ogre Berserker on Oct 24, 2013.
             Was the Champion of Trog.
             Slain by a naga
             ... wielding a +0,+0 glaive
              (1 damage)
             ... on Level 6 of the Lair of Beasts.
             The game lasted 00:42:52 (15851 turns).

Malachi the Bludgeoner (Ogre Berserker)            Turns: 15851, Time: 00:42:53

HP   0/136       AC  8     Str 29      XL: 13   Next: 31%
MP   0/12        EV 13     Int  6      God: Trog [******]
Gold 1000        SH  0     Dex  9      Spells:  0 memorised, 12 levels left

Res.Fire  : . . .   See Invis. : .   P - +6,+0 giant spiked club
Res.Cold  : . . .   Warding    : .   d - +0 troll leather armour
Life Prot.: . . .   Conserve   : .   (shield restricted)
Res.Poison: .       Res.Corr.  : .   (helmet restricted)
Res.Elec. : .       Clarity    : .   s - +1 cloak
Sust.Abil.: . .     Spirit.Shd : +   (gloves unavailable)
Res.Mut.  : .       Stasis     : .   (boots unavailable)
Res.Rott. : .       Flight     : .   B - amulet of guardian spirit
Saprovore : + . .                    v - +1 ring of evasion
                                     m - ring of protection from magic

@: burdened, exhausted, very poisoned, slowed, constricted, drained, very slow,
very resistant to hostile enchantments, very unstealthy
A: unfitting armour, fast metabolism 1, saprovore 1, spit poison 1, tough skin 1
a: Spit Poison, Burn Spellbooks, Berserk, Trog's Hand, Brothers in Arms,
Renounce Religion


You were on level 6 of the Lair of Beasts.
You worshipped Trog.
Trog was exalted by your worship.
You were encumbered.
You were very hungry.

You visited 2 branches of the dungeon, and saw 17 of its levels.

You collected 980 gold pieces.

Inventory:

Hand weapons
 u - a +0,+3 great mace of draining
 F - a +2,+3 anti-magic morningstar
 P - a +6,+0 giant spiked club (weapon)
Missiles
 h - 8 large rocks (quivered)
Armour
 d - a +0 troll leather armour (worn)
 q - a +1 robe of cold resistance
 s - a +1 cloak (worn)
Magical devices
 n - a wand of confusion (6)
 o - a wand of cold (4)
 t - a wand of lightning (3)
 y - a wand of heal wounds (5)
 A - a wand of draining (2)
 R - a wand of draining (4)
 S - a wand of paralysis (12)
Comestibles
 c - 8 meat rations
 g - 6 bread rations
 C - 3 pears
Scrolls
 a - a scroll of magic mapping
 b - a scroll of summoning
 f - 8 scrolls of remove curse
 j - a scroll of fear
 r - 3 scrolls of enchant armour
 D - 5 scrolls of teleportation
 I - a scroll of identify
 K - a scroll of recharging
 M - 2 scrolls of fog
Jewellery
 m - a ring of protection from magic (left hand)
 v - a +1 ring of evasion (right hand)
 x - an uncursed ring of teleport control
 B - an amulet of guardian spirit (around neck)
 E - an uncursed amulet of resist mutation
 G - a cursed ring of ice
 H - an uncursed ring of fire
Potions
 e - 3 potions of curing
 i - a potion of invisibility
 k - 5 potions of speed
 l - 3 potions of heal wounds
 p - a potion of slowing
 w - a potion of restore abilities
 z - 4 potions of might
 Q - a potion of cure mutation


   Skills:
 + Level 13.1(12.7) Fighting
 + Level 20.4(20.0) Maces & Flails
 + Level 5.0(4.7) Armour
 + Level 8.0(7.7) Dodging
 - Level 0.5(0.2) Stealth
 - Level 0.1(0.0) Evocations


You had 12 spell levels left.
You didn't know any spells.

Dungeon Overview and Level Annotations

Branches:
Dungeon (11/27)            Temple (0/1) D:7             Orc (0/4) D:11
   Lair (6/8) D:11         Shoals (0/5) Lair:5        Snake (0/5) Lair:6
  Slime: Lair:6-8

Altars:
Cheibriados
Fedhas
Kikubaaqudgha
Makhleb

Shops:
D:7 +


Innate Abilities, Weirdness & Mutations

You are too large for most types of armour.
You have a fast metabolism.
You can tolerate rotten meat.
You have tough skin (AC +1).
You can spit poison.


Message History

* * * LOW HITPOINT WARNING * * *
You feel sick.
You feel a little better. The naga spits poison at you.
The splash of poison hits you!
You are more poisoned.
* * * LOW HITPOINT WARNING * * *
The naga constricts you.
You are too injured to fight recklessly!
You sock the naga!
The naga is almost dead.
* * * LOW HITPOINT WARNING * * *
You feel sick. The naga spits poison at you. The splash of poison hits you!
You are more poisoned.
* * * LOW HITPOINT WARNING * * *
The naga constricts you. The naga hits you with a glaive!
* * * LOW HITPOINT WARNING * * *
You die...

###...# #...# ##.## #.
#...# #... #..### #....
##...# #...#.# ##..##
##....... # #...# #
#N..#.>.#. . ##...#.#
#@........ .##.#+...#
#.#.#.#... .........##
#........#
..........######.#.#...##
.........P##.#.#).....##
..........##...))....##
..........#....#######
...............#...
....<....#..........


You could see a naga.

Vanquished Creatures
  3 hydras
  A death yak (Lair:2)
  A naga warrior (Lair:6)
  Joseph (Lair:1)
  A griffon (Lair:5)
  11 elephants
  A black mamba (Lair:3)
  6 spiny frogs
  2 trolls (D:9)
  3 komodo dragons
  A polar bear (Lair:5)
  A boulder beetle (Lair:6)
  A snapping turtle (Lair:5)
  12 blink frogs
  A hill giant zombie (D:11)
  18 yaks
  Eustachio (D:9)
  2 wyverns
  An elephant slug (Lair:4)
  A shark (Lair:5)
  A hungry ghost (D:8)
  8 hippogriffs
  The ghost of Duskembrace the Firebug, an average HuFE (D:3)
  Menkaure (D:7)
  8 porcupines
  A necrophage (D:6)
  4 orc warriors
  2 ice beasts
  3 giant goldfish (Lair:2)
  6 nagas (Lair:6)
  3 sky beasts
  2 phantoms (D:11)
  2 ogres
  Sigmund (D:2)
  Duvessa (D:4)
  2 centaurs
  7 giant slugs
  6 crocodiles
  2 agate snails
  8 water moccasins
  A gnoll sergeant (D:6)
  5 wights (D:8)
  2 troll zombies (D:11)
  7 giant frogs
  A rock worm zombie (D:11)
  5 killer bees (D:11)
  An electric eel (Lair:2)
  2 jellyfish (Lair:5)
  5 crimson imps
  Dowan (D:4)
  2 goliath beetles
  4 orc priests
  8 hounds
  A quasit (D:11)
  10 iguanas
  2 jellies (D:7)
  A two-headed ogre skeleton (D:11)
  2 scorpions
  8 orc wizards
  6 worker ants
  12 sheep
  5 ogre zombies (D:11)
  2 hound zombies
  A hound skeleton (D:6)
  5 gnolls
  21 adders
  5 giant centipedes
  2 giant mites
  33 green rats
  3 worms
  A giant eyeball (D:10)
  28 orcs
  A ball python (D:2)
  15 bats
  A bat skeleton (D:5)
  3 giant cockroaches
  10 goblins
  13 hobgoblins
  7 jackals
  18 kobolds
  11 quokkas
  4 giant geckos
  5 giant newts
  A giant spore (D:7)
  3 goblin skeletons (D:11)
  2 goblin zombies (D:11)
  2 hobgoblin skeletons
  3 hobgoblin zombies (D:11)
  2 orc skeletons (D:11)
  14 orc zombies (D:11)
  A quokka zombie (D:7)
  25 rats
  A ballistomycete (D:7)
472 creatures vanquished.

Vanquished Creatures (others)
  A fungus (Lair:4)
1 creature vanquished.

Grand Total: 473 creatures vanquished

Notes
Turn   | Place    | Note
--------------------------------------------------------------
     0 | D:1      | Malachi, the Ogre Berserker, began the quest for the Orb.
     0 | D:1      | Reached XP level 1. HP: 23/23 MP: 0/0
   185 | D:1      | Reached XP level 2. HP: 27/32 MP: 1/1
   246 | D:1      | Reached skill level 5 in Maces & Flails
   622 | D:1      | Reached XP level 3. HP: 36/39 MP: 2/2
   755 | D:1      | Acquired Trog's second power
   915 | D:2      | Reached skill level 6 in Maces & Flails
   944 | D:2      | Noticed Sigmund
   956 | D:2      | Killed Sigmund
   956 | D:2      | Reached skill level 7 in Maces & Flails
   956 | D:2      | Reached XP level 4. HP: 29/48 MP: 3/3
   956 | D:2      | Reached XP level 5. HP: 32/54 MP: 4/4
  1621 | D:3      | Found an ancient bone altar of Kikubaaqudgha.
  1750 | D:3      | Reached skill level 8 in Maces & Flails
  2310 | D:3      | Noticed Duskembrace's ghost (average HuFE)
  2323 | D:3      | Killed Duskembrace's ghost
  2323 | D:3      | Reached skill level 9 in Maces & Flails
  2323 | D:3      | Reached XP level 6. HP: 63/63 MP: 5/5
  3151 | D:4      | Noticed Duvessa
  3151 | D:4      | Noticed Dowan
  3158 | D:4      | Killed Duvessa
  3161 | D:4      | Killed Dowan
  3161 | D:4      | Reached skill level 10 in Maces & Flails
  3161 | D:4      | Reached XP level 7. HP: 70/70 MP: 6/6
  3214 | D:4      | Found a blossoming altar of Fedhas.
  3285 | D:5      | Entered Level 5 of the Dungeon
  3375 | D:5      | Got an ebony falchion
  3376 | D:5      | Identified the cursed falchion of Invincibility {slice, MR++} (You found it on level 5 of the Dungeon)
  3686 | D:5      | Reached skill level 11 in Maces & Flails
  3705 | D:5      | Acquired Trog's third power
  3982 | D:5      | Reached XP level 8. HP: 11/79 MP: 7/7
  4031 | D:5      | Reached skill level 12 in Maces & Flails
  4831 | D:6      | Found a burning altar of Makhleb.
  4895 | D:6      | Reached skill level 13 in Maces & Flails
  5247 | D:7      | Noticed Menkaure
  5251 | D:7      | Killed Menkaure
  5315 | D:7      | Found a staircase to the Ecumenical Temple.
  5384 | D:7      | Reached skill level 14 in Maces & Flails
  5431 | D:7      | Reached XP level 9. HP: 68/85 MP: 8/8
  5485 | D:7      | Found Xushets' Book Boutique.
  5783 | D:7      | Got a brightly glowing spear
  5784 | D:7      | Identified the spear of the Pill Bug {freeze, -Tele +Rage} (You found it on level 7 of the Dungeon)
  5809 | D:7      | Found a snail-covered altar of Cheibriados.
  5976 | D:6      | Reached skill level 15 in Maces & Flails
  7097 | D:8      | Reached skill level 5 in Fighting
  7702 | D:9      | Noticed Eustachio
  7710 | D:9      | Reached skill level 16 in Maces & Flails
  7714 | D:9      | Killed Eustachio
  7714 | D:9      | Reached XP level 10. HP: 97/97 MP: 9/9
  8332 | D:9      | Found a blossoming altar of Fedhas.
  8622 | D:9      | Gained mutation: You are partially covered in icy blue scales (AC +1). [potion of beneficial mutation]
  8626 | D:10     | Entered Level 10 of the Dungeon
  8673 | D:10     | Gained mutation: You occasionally shout uncontrollably. [potion of mutation]
  8673 | D:10     | Gained mutation: You are partially covered in slimy green scales (AC +2). [potion of mutation]
  8673 | D:10     | Gained mutation: You have a pair of small horns on your head. [potion of mutation]
  9004 | D:11     | Reached skill level 17 in Maces & Flails
  9057 | D:11     | Paralysed by you for 7 turns
  9156 | D:11     | Received a gift from Trog
  9237 | D:11     | Found a staircase to the Orcish Mines.
  9343 | D:11     | Reached skill level 5 in Dodging
  9406 | D:11     | Reached XP level 11. HP: 110/110 MP: 10/10
  9407 | D:11     | Reached skill level 1 in Armour
  9432 | D:11     | Found a burning altar of Makhleb.
  9487 | D:11     | Found a staircase to the Lair.
  9500 | D:11     | Gained mutation: You can spit poison. [potion of beneficial mutation]
  9729 | Lair:1   | Entered Level 1 of the Lair of Beasts
  9729 | Lair:1   | Noticed Joseph
  9738 | Lair:1   | Killed Joseph
  9923 | Lair:1   | Reached skill level 10 in Fighting
 10516 | Lair:1   | Reached skill level 18 in Maces & Flails
 10943 | Lair:2   | Noticed a death yak
 10964 | Lair:2   | Received a gift from Trog
 11115 | Lair:2   | Killed a death yak
 11888 | Lair:3   | Reached XP level 12. HP: 124/124 MP: 11/11
 11897 | Lair:3   | Noticed an eight-headed hydra
 11905 | Lair:3   | Killed an eight-headed hydra
 12293 | Lair:3   | Noticed an eight-headed hydra
 12305 | Lair:3   | Killed an eight-headed hydra
 12593 | Lair:3   | Received a gift from Trog
 13122 | Lair:4   | Reached skill level 19 in Maces & Flails
 13480 | Lair:4   | Lost mutation: You occasionally shout uncontrollably. [potion of cure mutation]
 13480 | Lair:4   | Lost mutation: You have a pair of small horns on your head. [potion of cure mutation]
 13480 | Lair:4   | Lost mutation: You are partially covered in slimy green scales (AC +2). [potion of cure mutation]
 13480 | Lair:4   | Lost mutation: You are partially covered in icy blue scales (AC +1). [potion of cure mutation]
 13730 | Lair:4   | Noticed a four-headed hydra
 13739 | Lair:4   | Killed a four-headed hydra
 13942 | Lair:4   | Received a gift from Trog
 14452 | Lair:5   | Reached XP level 13. HP: 108/135 MP: 8/12
 14623 | Lair:5   | Found a staircase to the Shoals.
 14631 | Lair:5   | Reached skill level 20 in Maces & Flails
 15466 | Lair:6   | Received a gift from Trog
 15577 | Lair:6   | Reached skill level 5 in Armour
 15809 | Lair:6   | Found a staircase to the Snake Pit.
 15851 | Lair:6   | HP: 1/136 [naga/glaive (19)]
 15851 | Lair:6   | Slain by a naga

Action                   |  1- 3 |  4- 6 |  7- 9 | 10-12 | 13-15 || total
-------------------------+-------+-------+-------+-------+-------++-------
Melee: Mace              |    86 |   176 |   203 |       |       ||   465
       Giant club        |       |       |    76 |       |       ||    76
       Giant spiked club |       |       |    68 |   642 |   130 ||   840
       Great mace        |       |       |       |     6 |       ||     6
Throw: Large rock        |       |       |       |     4 |       ||     4
Invok: Berserk           |     2 |     2 |    10 |    12 |     1 ||    27
Evoke: Wand              |       |       |     6 |    10 |     3 ||    19
  Use: Scroll            |       |     6 |    16 |    16 |       ||    38
       Potion            |       |       |     8 |     8 |     2 ||    18
 Stab: Sleeping          |       |     1 |     1 |       |       ||     2
